 Dungeon Crawl Stone Soup version 0.30.0-13-g156ef70053 (webtiles) character file.

Game seed: 16293506934651944937

137 NotreDorf the Magician (level 5, -2/35 HPs)
             Began as a Mummy Hedge Wizard on May 17, 2023.
             Slain by an adder (3 damage)
             ... in a sewer.
             The game lasted 00:14:11 (2790 turns).

NotreDorf the Magician (Mummy Hedge Wizard)         Turns: 2790, Time: 00:14:11

Health: -2/35      AC:  3    Str: 13    XL:     5   Next: 0%
Magic:  12/12      EV: 12    Int: 16    God:
Gold:   199        SH:  0    Dex: 11    Spells: 8/14 levels left

rFire   . . .        a - staff of conjuration
rCold   + . .        (no shield)
rNeg    + + +        b - +0 robe
rPois   ∞            c - +0 hat
rElec   .            (no cloak)
rCorr   .            m - +0 pair of gloves
SInv    .            (no boots)
Will    .....        g - amulet of magic regeneration
Stlth   +            d - +4 ring of slaying
HPRegen 0.25/turn    r - ring of protection from fire
MPRegen 0.53/turn

%: faith
@: silenced
A: cold resistance 1, negative energy resistance 3, torment resistance 2, heat
vulnerability 1, in touch with death 1, no potions, faith
a: no special abilities


You were in a sewer.
You visited 1 branch of the dungeon, and saw 4 of its levels.
You also visited: Sewer.

You collected 199 gold pieces.

Inventory:

Hand Weapons
 q - a +0 quarterstaff
Armour
 b - a +0 robe (worn)
 c - a +0 hat (worn)
 m - a +0 pair of gloves (worn)
Magical Staves
 a - a staff of conjuration (weapon)
Jewellery
 d - a +4 ring of slaying (left hand)
 g - an amulet of magic regeneration (around neck)
 r - a ring of protection from fire (right hand)
Scrolls
 e - a scroll of silence
 f - a scroll of teleportation {unknown}
 h - a scroll of torment {unknown}
 i - a scroll of blinking {unknown}
 j - a scroll of noise {unknown}
 k - 2 scrolls of poison {unknown}
 l - 2 scrolls of amnesia {unknown}
 n - 2 scrolls of magic mapping
 p - 2 scrolls of vulnerability {unknown}
 s - a scroll of immolation {unknown}
 t - a scroll of fear {unknown}
 v - a scroll of enchant weapon


   Skills:
 + Level 2.5 Dodging
 - Level 1.5 Stealth
 + Level 5.0 Spellcasting
 + Level 2.1 Conjurations
 + Level 0.6 Hexes
 - Level 0.7 Summonings
 - Level 0.7 Translocations
 + Level 0.9 Air Magic


You had 8 spell levels left.
You knew the following spells:

 Your Spells              Type           Power      Damage    Failure   Level
a - Magic Dart            Conj           64%        1d6       6%          1
b - Blink                 Tloc           12%        N/A       17%         2
c - Mephitic Cloud        Conj/Pois/Air  11%        N/A       30%         3

Your spell library contained the following spells:

 Spells                   Type           Power      Damage    Failure   Level
 Slow                     Hex            24%        N/A       12%         1
 Call Imp                 Summ           12%        N/A       17%         2
 Cigotuvi's Dreadful Rot  Necr/Pois/Air  14%        N/A       21%         2
 Ensorcelled Hibernation  Hex/Ice        10%        N/A       21%         2
 Tukima's Dance           Hex            6%         N/A       34%         3
 Inner Flame              Hex/Fire       5%         N/A       38%         3
 Eringya's Noxious Bog    Tmut/Pois      2%         N/A       100%        6
 Enfeeble                 Hex            3%         N/A       100%        7
 Discord                  Hex            3%         N/A       100%        8


Dungeon Overview and Level Annotations

Branches:
Dungeon (4/15)              Sewer (1/1)
 Temple: D:4-7

Altars:
Qazlal
Yredelemnul


Innate Abilities, Weirdness & Mutations

You are immune to poison.
Your flesh is cold resistant. (rC+)
You are immune to negative energy. (rN+++)
You are immune to unholy pain and torment.
You are vulnerable to heat. (rF-)
You are in touch with the powers of death.
You do not drink.
You have a special connection with the divine. (Faith)


Message History

As you read the scroll of fog, it crumbles to dust.
The scroll dissolves into smoke.
The adder bites you but does no damage. The adder closely misses you.
The adder completely misses you. The adder misses you.
The adder closely misses you. The adder barely misses you.
The adder attacks as you move away! The adder barely misses you. x2
The adder attacks as you move away! The adder completely misses you.
There is a large open door here.
The adder attacks as you move away! The adder bites you.
* * * LOW HITPOINT WARNING * * *
The adder barely misses you. The adder closely misses you.
The adder closely misses you.
As you read the scroll labelled VUTSYACWEDGH, it crumbles to dust.
A profound silence engulfs you.
It was a scroll of silence.
The adder bites you.
* * * LOW HITPOINT WARNING * * *
The adder bites you.
* * * LOW HITPOINT WARNING * * *
Magic scrolls do not work when you're silenced!
You cannot cast spells when silenced!
You barely miss the adder.
The adder is severely wounded.
The adder closely misses you. The adder bites you but does no damage.
The adder bites you.
* * * LOW HITPOINT WARNING * * *
The adder closely misses you.
You hit the adder.
You kill the adder!
The adder bites you but does no damage.
You have reached level 5!
You feel clever.
You hit the adder but do no damage. The adder bites you.
* * * LOW HITPOINT WARNING * * *
The adder bites you but does no damage. x2; The adder bites you.
* * * LOW HITPOINT WARNING * * *
You closely miss the adder. The adder misses you. The adder bites you.
* * * LOW HITPOINT WARNING * * *
You closely miss the adder. The adder barely misses you. x2
The adder bites you.
You die...

#~≈~~~~~~~~~~~~.
#~≈~####~~####~≈
#~≈.# #.~# #~≈.#
#~.#
#.≈.####.~###
#~≈.##.#§§#§#
#.≈~##§§§§§§#
#.≈~##SS§§§§#
#~≈~##@#§§#.#
#~≈~####§§# #
#~≈~# #..# #~≈~#
#..# #~≈~# #..#
#.≈~# +..+ #~≈~#
+..+ #~≈~# #~≈.#


You could see 2 adders.

Vanquished Creatures
  6 adders
  5 worms
  A dart slug (D:1)
  3 orcs (D:4)
  2 endoplasms
  3 giant cockroaches
  5 goblins
  4 hobgoblins
  2 jackals (Sewer)
  3 quokkas (D:1)
  8 ball pythons
  5 bats
  6 frilled lizards
  8 kobolds
  7 rats
68 creatures vanquished.

Notes
Turn   | Place    | Note
-------+----------+-------------------------------------------
     0 | D:1      | NotreDorf the Mummy Hedge Wizard began the quest for the
                  | Orb.
     0 | D:1      | Reached XP level 1. HP: 13/13 MP: 5/5
   150 | D:1      | Reached skill level 1 in Conjurations
   325 | D:1      | Reached XP level 2. HP: 16/19 MP: 7/7
   992 | D:2      | Gained mutation: You are in touch with the powers of death.
                  | [Mummy growth]
   992 | D:2      | Reached XP level 3. HP: 23/24 MP: 9/9
  1583 | D:2      | Learned a level 2 spell: Blink
  1587 | D:2      | Learned a level 3 spell: Mephitic Cloud
  2171 | D:3      | Reached XP level 4. HP: 29/30 MP: 10/10
  2202 | D:3      | Found a basalt altar of Yredelemnul.
  2202 | D:3      | Found a stormy altar of Qazlal.
  2351 | D:3      | Identified a scroll of acquirement
  2354 | D:3      | Acquired the Thoughts on Polluted Spellbinding
  2573 | D:4      | Found a glowing drain.
  2581 | Sewer    | Entered a sewer
  2609 | Sewer    | Reached skill level 5 in Spellcasting
  2788 | Sewer    | Reached XP level 5. HP: 4/35 MP: 12/12
  2789 | Sewer    | HP: 1/35 [adder (2)]
  2790 | Sewer    | Slain by an adder

Illustrated notes

Levels and vault maps discovered:
D:1:      minmay_arrival_diagonal_passages, layout_basic, grunt_decor_fettered,
          chequers_serial_rivers_small_b, minmay_unequal
D:2:      layout_basic
D:3:      layout_basic, gammafunk_temple_overflow_statue,
          minmay_goblin_kobold_house
D:4:      minmay_bubble_buster, layout_rooms, nicolae_uskayaw_suspiria,
          okawaru_metal_pillars_1_2, lightli_sewer_entry_pipes,
          minmay_pentomino_pile, uniq_sigmund
Sewer:    sewer_fruit_machine

Skill      XL: |  1  2  3  4 |
---------------+-------------+-----
Conjurations   | 1 2 |  2.1
Dodging        | 2 |  2.5
Spellcasting   | 5 |  5.0
Stealth        | |  1.5
Hexes          | |  0.6
Summonings     | |  0.7
Translocations | |  0.7
Air Magic      | |  0.9

Action                     |  1- 3 |  4- 6 || total
---------------------------+-------+-------++-------
  Melee: Dagger            |    51 |       ||    51
         Punch             |     1 |       ||     1
         Staff             |    18 |    49 ||    67
         Quarterstaff      |     6 |       ||     6
   Cast: Magic Dart        |    65 |    67 ||   132
    Use: Scroll            |       |     7 ||     7
   Stab: Sleeping          |       |     1 ||     1
 Armour: Robe              |    18 |    20 ||    38
  Dodge: Dodged            |    44 |    56 ||   100
